 Dungeon Crawl Stone Soup version 0.30.1-11-g7821555f0a (webtiles) character file.

Game seed: 14568028531516991989

212 Sin92 the Trooper (level 5, 0/42 HPs)
             Began as a Demonspawn Fighter on Nov 8, 2023.
             Succumbed to an adder's poison
             ... on level 4 of the Dungeon.
             The game lasted 00:03:51 (3390 turns).

Sin92 the Trooper (Demonspawn Fighter)              Turns: 3390, Time: 00:03:52

Health: 0/42       AC:  6    Str: 19    XL:     5   Next: 58%
Magic:  5/5        EV:  9    Int:  9    God:
Gold:   243        SH:  4    Dex: 12    Spells: 4/4 levels left

rFire   . . .        a - +0 war axe
rCold   . . .        c - +0 buckler
rNeg    . . .        b - +0 scale mail
rPois   .            (no helmet)
rElec   .            (no cloak)
rCorr   .            (no gloves)
SInv    .            (no boots)
Will    .....        (no amulet) Stlth
                     (no ring)
HPRegen 0.27/turn    (no ring)
MPRegen 0.09/turn

%: clarity
@: mighty, lethally poisoned (0 -> -3)
A: hooves 2, clarity
a: no special abilities


You were on level 4 of the Dungeon.
You visited 1 branch of the dungeon, and saw 4 of its levels.

You collected 243 gold pieces.

Inventory:

Hand Weapons
 a - a +0 war axe (weapon)
 q - the +9 falchion of Hoecaceu {pain, *Rage rElec rC+ Str+3}
   (You found it on level 3 of the Dungeon)

   Str:       It affects your strength (+3).
   rC:        It protects you from cold.
   rElec:     It insulates you from electricity.
   *Rage:     It berserks you when you make melee attacks (+20% chance).
Armour
 b - a +0 scale mail (worn)
 c - a +0 buckler (worn)
Scrolls
 g - 2 scrolls of magic mapping {unknown}
 i - 2 scrolls of identify {unknown}
 k - a scroll of fog {unknown}
 p - a scroll of blinking {unknown}
 s - a scroll of poison {unknown}
Potions
 d - a potion of might
 e - 2 potions of haste
 f - 2 potions of flight
 j - a potion of mutation
 m - a potion of berserk rage {unknown}
 r - a potion of heal wounds {unknown}


   Skills:
 + Level 3.7 Fighting
 + Level 1.1 Long Blades
 * Level 3.2 Axes
 + Level 3.3 Armour
 + Level 1.5 Dodging
 + Level 3.3 Shields


You had 4 spell levels left.
You didn't know any spells.
Your spell library contained the following spells:

 Spells                   Type           Power      Damage    Failure   Level
 Blade Hands              Tmut           0%         N/A       100%        5
 Irradiate                Conj/Tmut      0%         3d11      100%        5
 Dragon Form              Tmut           0%         N/A       100%        7


Dungeon Overview and Level Annotations

Branches:
Dungeon (4/15)
 Temple: D:4-7

Altars:

Shops:
D:3 *


Innate Abilities, Weirdness & Mutations

You have hoof-like feet.
You possess an exceptional clarity of mind.


Message History

Found a scroll labelled KAESSI ANIGUQ.
An adder comes into view.
You slash the adder! Your kick misses the adder.
The adder is almost dead.
The adder bites you.
You are poisoned.
The adder poisons you! The adder bites you.
You are more poisoned.
The adder poisons you!
You closely miss the adder.
The adder is almost dead.
You feel very sick. The adder bites you.
You are more poisoned.
The adder poisons you! The adder barely misses you.
You barely miss the adder.
The adder is almost dead.
* * * LOW HITPOINT WARNING * * *
You feel very sick. You block the adder's attack.
The adder bites you but does no damage.
You barely miss the adder. Your kick misses the adder.
The adder is almost dead.
* * * LOW HITPOINT WARNING * * *
You feel very sick. The adder bites you.
* * * LOW HITPOINT WARNING * * *
The adder bites you.
* * * LOW HITPOINT WARNING * * *
You miss the adder.
The adder is severely wounded.
* * * LOW HITPOINT WARNING * * *
You feel very sick. The adder misses you.
You slice the adder!!
You kill the adder!
* * * LOW HITPOINT WARNING * * *
You feel sick.
It was a potion of mutation.
You feel extremely strange.
You feel yourself wasting away.
You feel healthier.
Your thoughts seem clearer.
You die...

....†.............
.....##........##.
.............#.##.## ####..##
...............# ..### ........
...............###...##........
...................#..#........
..............###...#..###.....
...........>..###.?.#.......#
................@...........#
.............####...#.!..$?.#
............## #####.......#####
#..###.##.#.# ##.......#....
..##........########..........##.
.###........................####.
. #..>.....###############......
# #........# ######. #........#
#.


There were no monsters in sight!

Vanquished Creatures
  A hound (D:4)
  An orc wizard (D:4)
  4 gnolls (D:3)
  4 adders
  An ufetubus (D:4)
  A worm (D:2)
  2 dart slugs (D:3)
  7 orcs
  5 endoplasms
  2 giant cockroaches
  6 goblins
  7 hobgoblins
  3 jackals (D:2)
  5 kobolds
  2 quokkas
  5 ball pythons
  2 bats
  3 frilled lizards
  7 rats
68 creatures vanquished.

Notes
Turn   | Place    | Note
-------+----------+-------------------------------------------
     0 | D:1      | Sin92 the Demonspawn Fighter began the quest for the Orb.
     0 | D:1      | Reached XP level 1. HP: 18/18 MP: 1/1
   468 | D:1      | Gained mutation: You have large cloven feet. [demonic
                  | ancestry]
   468 | D:1      | Reached XP level 2. HP: 24/24 MP: 2/2
  1316 | D:2      | Reached XP level 3. HP: 29/29 MP: 3/3
  1455 | D:2      | Found a faded altar of an unknown god.
  1980 | D:3      | Reached skill level 1 in Dodging
  1985 | D:3      | Gained mutation: You have hoof-like feet. [demonic
                  | ancestry]
  1985 | D:3      | Reached XP level 4. HP: 14/35 MP: 4/4
  2220 | D:3      | Identified the +9 falchion of Hoecaceu {pain, *Rage rElec
                  | rC+ Str+3}
  2544 | D:3      | Found Miybb's General Store.
  2902 | D:4      | HP: 1/35 [ufetubus (2)]
  2918 | D:4      | Reached XP level 5. HP: 5/41 MP: 5/5
  3355 | D:4      | Reached skill level 1 in Long Blades
  3389 | D:4      | HP: 1/42 [poisoned by an adder]
  3390 | D:4      | Gained mutation: Your body sometimes deteriorates upon
                  | taking damage. [potion of mutation]
  3390 | D:4      | Lost mutation: Your body sometimes deteriorates upon taking
                  | damage. [potion of mutation]
  3390 | D:4      | Gained mutation: You possess an exceptional clarity of
                  | mind. [potion of mutation]
  3390 | D:4      | Succumbed to an adder's poison

Illustrated notes

Levels and vault maps discovered:
D:1:      dpeg_arrival_central, layout_loops_ring, minmay_misc_feat_ornament
D:2:      layout_basic, shapermc_ecumenical_altar_starsandcircs,
          serial_co_window_serial, co_window_paths_b, co_window_paths_a,
          co_window_cross_1, co_window_paths_a, co_window_corner_a,
          co_window_cross_1, co_window_paths_b, co_window_broadway_b,
          co_window_of_opportunity_c, co_window_corner_cb,
          co_window_of_opportunity_b, co_window_of_opportunity_c,
          co_window_paths_e, co_window_paths_d, glass_columns_c,
          glass_columns_a, glass_columns_b, glass_columns_a, glass_columns_c
D:3:      layout_basic, serial_shops, nicolae_shop_real_fake_doors
D:4:      layout_rooms, minmay_hedge_maze

Skill      XL: |  1  2  3  4  5 |
---------------+----------------+-----
Axes           | 2 3 |  3.2
Armour         | 3 |  3.3
Dodging        | 1 |  1.5
Shields        | 3 |  3.3
Long Blades    | 1 |  1.1
Fighting       | |  3.7

Action                     |  1- 3 |  4- 6 || total
---------------------------+-------+-------++-------
  Melee: War axe           |    89 |    97 ||   186
         Kick              |    16 |    21 ||    37
    Use: Potion            |       |     6 ||     6
         Scroll            |       |     3 ||     3
 Armour: Scale mail        |    37 |    49 ||    86
  Dodge: Dodged            |    35 |    67 ||   102
  Block: Buckler           |    23 |    31 ||    54
